[ AOE2 MATCH · #505707117 ]
UnrankedRomans vs Slavs
Player's team · WIN
Rival team · LOSS
[ REPLAY ANALYSIS · EXTRACTED FROM THE RECORDED GAME ]
Feudal
8:54
Castle
23:42
Imperial
—
| APM avg | 55.8 |
| APM peak | 73 |
| eAPM avg | 28.2 |
| Villagers / military | 88 / 58 |
Focus
⚔️ 42.9% · 🌾 57.1%
Knight ×32 · Skirmisher ×10 · Monk ×5 · Cavalry Archer ×5 · Archer ×3 · Militia ×3
Feudal
10:38
Castle
23:13
Imperial
—
| APM avg | 57.2 |
| APM peak | 84 |
| eAPM avg | 29.6 |
| Villagers / military | 89 / 66 |
Focus
⚔️ 45.0% · 🌾 55.0%
Knight ×33 · Archer ×10 · Militia ×9 · Monk ×8 · Scorpion ×4 · Skirmisher ×1
Match map
Initial resources + every placement click. Lines = walls · curves = elevation contours. ◆ gold · ⬟ stone · ● berries · ✦ relic · ◌ wall gap
Your base· ✓ Closed at 23:42 · 42t walls · no gate
Darth Maul's base· ✓ Closed at 23:13 · 55t walls · 1 gate(s)
Smoothed initial terrain · ◌ = detected wall gap · hover for details
Inputs per minute
— _Tomate - - Darth Maul
Build order — _Tomate
First 150 of 310 actions detected
| 0:00 | Create | Villager (Male) |
| 0:01 | Create | Villager (Male) |
| 0:01 | Create | Villager (Male) |
| 0:01 | Create | Villager (Male) |
| 0:02 | Build | House |
| 0:03 | Build | House |
| 1:35 | Create | Villager (Male) |
| 1:37 | Create | Villager (Male) |
| 1:47 | Build | Lumber Camp |
| 2:19 | Create | Villager (Male) |
| 2:50 | Create | Villager (Male) |
| 2:57 | Create | Villager (Male) |
| 3:13 | Build | House |
| 3:24 | Create | Villager (Male) |
| 3:45 | Create | Villager (Male) |
| 3:54 | Create | Villager (Male) |
| 3:54 | Create | Villager (Male) |
| 4:51 | Create | Villager (Male) |
| 5:16 | Create | Villager (Male) |
| 5:19 | Create | Villager (Male) |
| 5:31 | Build | Barracks |
| 5:56 | Build | House |
| 6:17 | Create | Villager (Male) |
| 6:18 | Research | Loom |
| 6:18 | Research | Loom |
| 6:38 | Research | Feudal Age |
| 6:38 | Research | Feudal Age |
| 6:48 | Create | Militia |
| 6:50 | Create | Militia |
| 7:20 | Create | Militia |
| 7:26 | Build | House |
| 7:27 | Build | Palisade Wall |
| 8:49 | Create | Villager (Male) |
| 8:54 | Age | Feudal Age |
| 8:56 | Build | Archery Range |
| 9:00 | Research | Man-at-Arms (upgrade) |
| 9:00 | Research | Man-at-Arms (upgrade) |
| 9:12 | Create | Villager (Male) |
| 9:14 | Research | Double-Bit Axe |
| 9:14 | Research | Double-Bit Axe |
| 9:34 | Create | Villager (Male) |
| 9:41 | Build | Mill |
| 9:45 | Create | Villager (Male) |
| 10:03 | Create | Villager (Male) |
| 10:22 | Create | Villager (Male) |
| 10:46 | Build | House |
| 10:56 | Create | Archer |
| 10:56 | Create | Archer |
| 11:00 | Create | Archer |
| 11:06 | Build | House |
| 11:08 | Build | House |
| 11:10 | Research | Horse Collar |
| 11:27 | Create | Villager (Male) |
| 11:29 | Build | Farm |
| 11:31 | Build | Farm |
| 11:33 | Build | Farm |
| 11:44 | Create | Villager (Male) |
| 11:46 | Build | Farm |
| 11:51 | Build | Palisade Wall |
| 12:06 | Create | Villager (Male) |
| 12:08 | Build | Farm |
| 12:36 | Create | Villager (Male) |
| 12:37 | Create | Skirmisher |
| 12:37 | Create | Skirmisher |
| 12:57 | Create | Villager (Male) |
| 12:59 | Build | Farm |
| 12:59 | Build | Farm |
| 13:02 | Build | Farm |
| 13:04 | Create | Villager (Male) |
| 13:05 | Build | Farm |
| 13:07 | Build | Palisade Wall |
| 13:15 | Create | Skirmisher |
| 13:22 | Build | Palisade Wall |
| 13:24 | Build | Palisade Wall |
| 13:37 | Create | Skirmisher |
| 13:41 | Build | House |
| 13:42 | Create | Villager (Male) |
| 14:01 | Build | Blacksmith |
| 14:08 | Create | Villager (Male) |
| 14:18 | Build | Farm |
| 14:30 | Create | Villager (Male) |
| 14:36 | Build | Palisade Wall |
| 14:39 | Build | Palisade Wall |
| 14:47 | Build | Farm |
| 14:51 | Build | Farm |
| 14:53 | Create | Villager (Male) |
| 15:12 | Build | Farm |
| 15:13 | Build | Farm |
| 15:16 | Create | Villager (Male) |
| 15:21 | Build | Farm |
| 15:42 | Create | Villager (Male) |
| 15:51 | Build | Mining Camp |
| 16:17 | Research | Wheelbarrow |
| 16:21 | Create | Skirmisher |
| 16:22 | Create | Skirmisher |
| 16:43 | Build | House |
| 16:46 | Build | House |
| 16:51 | Build | House |
| 17:03 | Build | Watch Tower |
| 17:18 | Research | Fletching |
| 17:18 | Research | Fletching |
| 17:19 | Create | Villager (Male) |
| 17:19 | Create | Villager (Male) |
| 17:19 | Create | Villager (Male) |
| 17:21 | Build | Stone Wall |
| 17:26 | Build | House |
| 18:11 | Build | House |
| 18:13 | Build | Palisade Wall |
| 18:15 | Build | Palisade Wall |
| 18:57 | Create | Villager (Male) |
| 18:57 | Create | Villager (Male) |
| 18:57 | Create | Villager (Male) |
| 18:57 | Create | Villager (Male) |
| 19:35 | Create | Villager (Male) |
| 19:37 | Build | Lumber Camp |
| 20:02 | Create | Villager (Male) |
| 20:37 | Research | Gold Mining |
| 20:38 | Research | Gold Mining |
| 21:01 | Research | Castle Age |
| 21:02 | Research | Castle Age |
| 21:14 | Research | Padded Archer Armor |
| 21:14 | Research | Padded Archer Armor |
| 21:23 | Create | Skirmisher |
| 21:23 | Create | Skirmisher |
| 21:24 | Create | Skirmisher |
| 21:37 | Build | Mining Camp |
| 21:40 | Build | Mining Camp |
| 22:04 | Build | House |
| 22:04 | Build | House |
| 22:08 | Create | Skirmisher |
| 22:34 | Build | Farm |
| 22:37 | Create | Villager (Male) |
| 23:06 | Build | Farm |
| 23:06 | Build | Farm |
| 23:19 | Build | House |
| 23:42 | Age | Castle Age |
| 23:46 | Build | Monastery |
| 23:48 | Research | Bow Saw |
| 23:48 | Research | Bow Saw |
| 23:49 | Create | Villager (Male) |
| 23:57 | Research | Bodkin Arrow |
| 23:57 | Research | Bodkin Arrow |
| 24:10 | Build | Town Center |
| 24:12 | Create | Villager (Male) |
| 24:31 | Create | Monk |
| 24:33 | Build | House |
| 24:36 | Research | Town Watch |
| 24:36 | Research | Town Watch |
| 24:37 | Build | Farm |
| 24:40 | Build | Palisade Wall |
Build order — Darth Maul
First 150 of 283 actions detected
| 0:01 | Create | Villager (Male) |
| 0:02 | Build | House |
| 0:03 | Build | House |
| 0:05 | Create | Villager (Male) |
| 0:05 | Create | Villager (Male) |
| 0:09 | Create | Villager (Male) |
| 1:15 | Create | Villager (Male) |
| 1:21 | Build | Lumber Camp |
| 1:41 | Create | Villager (Male) |
| 2:21 | Create | Villager (Male) |
| 2:46 | Create | Villager (Male) |
| 3:23 | Create | Villager (Male) |
| 3:33 | Build | House |
| 3:47 | Build | House |
| 3:53 | Create | Villager (Male) |
| 4:13 | Create | Villager (Male) |
| 4:13 | Create | Villager (Male) |
| 4:17 | Build | Barracks |
| 4:26 | Create | Villager (Male) |
| 4:56 | Create | Villager (Male) |
| 4:57 | Create | Villager (Male) |
| 5:04 | Build | House |
| 5:33 | Create | Militia |
| 5:33 | Create | Militia |
| 5:42 | Build | Mill |
| 5:50 | Create | Villager (Male) |
| 6:14 | Create | Villager (Male) |
| 6:44 | Create | Villager (Male) |
| 6:44 | Create | Villager (Male) |
| 7:02 | Build | House |
| 7:03 | Build | Palisade Wall |
| 7:04 | Build | Palisade Wall |
| 7:10 | Build | Palisade Wall |
| 7:18 | Create | Villager (Male) |
| 7:42 | Create | Villager (Male) |
| 7:58 | Research | Loom |
| 8:03 | Build | Palisade Wall |
| 8:16 | Research | Feudal Age |
| 8:24 | Build | Palisade Wall |
| 8:28 | Build | Palisade Wall |
| 8:29 | Build | Palisade Wall |
| 8:30 | Build | Palisade Wall |
| 8:34 | Build | Mining Camp |
| 8:47 | Create | Villager (Male) |
| 8:50 | Build | House |
| 8:51 | Build | Palisade Wall |
| 9:01 | Build | Palisade Wall |
| 9:09 | Build | House |
| 9:11 | Build | Palisade Wall |
| 9:20 | Build | Palisade Wall |
| 9:31 | Build | Farm |
| 9:32 | Create | Militia |
| 9:33 | Create | Militia |
| 9:41 | Create | Villager (Male) |
| 10:23 | Create | Villager (Male) |
| 10:38 | Age | Feudal Age |
| 10:44 | Create | Villager (Male) |
| 10:49 | Create | Villager (Male) |
| 10:54 | Research | Man-at-Arms (upgrade) |
| 11:09 | Build | Archery Range |
| 11:15 | Create | Villager (Male) |
| 11:28 | Create | Militia |
| 11:28 | Create | Militia |
| 11:35 | Build | Palisade Wall |
| 11:36 | Build | Palisade Wall |
| 11:43 | Create | Militia |
| 11:50 | Build | House |
| 11:52 | Create | Archer |
| 12:12 | Create | Skirmisher |
| 12:17 | Research | Double-Bit Axe |
| 12:39 | Create | Archer |
| 12:45 | Create | Villager (Male) |
| 12:52 | Build | Farm |
| 13:10 | Build | Palisade Gate |
| 13:12 | Build | House |
| 13:18 | Build | Farm |
| 13:18 | Create | Villager (Male) |
| 13:24 | Build | Farm |
| 13:27 | Build | Farm |
| 13:35 | Create | Archer |
| 13:40 | Create | Villager (Male) |
| 13:55 | Build | Mining Camp |
| 13:59 | Create | Villager (Male) |
| 14:03 | Create | Archer |
| 14:11 | Create | Militia |
| 14:25 | Build | Blacksmith |
| 14:27 | Create | Villager (Male) |
| 14:52 | Create | Archer |
| 14:56 | Build | Lumber Camp |
| 15:06 | Create | Villager (Male) |
| 15:11 | Research | Fletching |
| 15:23 | Build | Watch Tower |
| 15:37 | Create | Archer |
| 15:43 | Build | Palisade Wall |
| 15:55 | Build | House |
| 15:56 | Build | House |
| 16:03 | Create | Militia |
| 16:09 | Create | Villager (Male) |
| 16:16 | Build | House |
| 16:19 | Build | House |
| 16:23 | Create | Archer |
| 16:23 | Create | Archer |
| 16:32 | Create | Villager (Male) |
| 16:39 | Create | Villager (Male) |
| 16:42 | Create | Archer |
| 16:58 | Build | Watch Tower |
| 17:07 | Build | Watch Tower |
| 17:11 | Create | Villager (Male) |
| 17:22 | Build | Farm |
| 17:22 | Build | Farm |
| 17:22 | Build | Farm |
| 17:23 | Build | Farm |
| 17:23 | Build | Farm |
| 17:24 | Create | Villager (Male) |
| 17:34 | Create | Archer |
| 18:53 | Create | Villager (Male) |
| 18:55 | Build | Farm |
| 18:55 | Build | Farm |
| 18:55 | Build | Farm |
| 18:56 | Build | Farm |
| 19:30 | Build | Market |
| 19:31 | Build | House |
| 19:33 | Create | Villager (Male) |
| 19:33 | Create | Villager (Male) |
| 19:44 | Build | Palisade Wall |
| 19:46 | Build | Palisade Wall |
| 19:48 | Build | Palisade Wall |
| 19:50 | Build | Palisade Wall |
| 20:33 | Research | Castle Age |
| 20:33 | Research | Castle Age |
| 20:43 | Build | House |
| 20:48 | Build | House |
| 20:52 | Build | House |
| 21:12 | Build | Stable |
| 21:20 | Research | Horse Collar |
| 21:20 | Research | Horse Collar |
| 21:51 | Research | Scale Barding Armor |
| 21:54 | Build | House |
| 22:14 | Build | Stable |
| 22:38 | Research | Gold Mining |
| 23:09 | Build | House |
| 23:13 | Age | Castle Age |
| 23:14 | Create | Knight |
| 23:15 | Create | Knight |
| 23:16 | Create | Villager (Male) |
| 23:17 | Research | Bow Saw |
| 23:21 | Research | Heavy Plow |
| 23:30 | Build | Siege Workshop |
| 23:42 | Create | Knight |
| 23:43 | Create | Knight |
Match timeline
| 4:17 | Darth Maul · first_building Barracks |
| 5:31 | _Tomate · first_building Barracks |
| 7:03 | Darth Maul · wall_segment Palisade Wall x6 |
| 7:04 | Darth Maul · wall_segment Palisade Wall x3 |
| 7:10 | Darth Maul · wall_segment Palisade Wall x1 |
| 7:27 | _Tomate · wall_segment Palisade Wall x1 |
| 8:03 | Darth Maul · wall_segment Palisade Wall x7 |
| 8:24 | Darth Maul · wall_segment Palisade Wall x6 |
| 8:28 | Darth Maul · wall_segment Palisade Wall x3 |
| 8:29 | Darth Maul · wall_segment Palisade Wall x1 |
| 8:30 | Darth Maul · wall_segment Palisade Wall x1 |
| 8:51 | Darth Maul · wall_segment Palisade Wall x5 |
| 8:54 | _Tomate · age_up feudal |
| 8:56 | _Tomate · first_building Archery Range |
| 9:01 | Darth Maul · wall_segment Palisade Wall x4 |
| 9:11 | Darth Maul · wall_segment Palisade Wall x6 |
| 9:20 | Darth Maul · wall_segment Palisade Wall x1 |
| 10:38 | Darth Maul · age_up feudal |
| 11:09 | Darth Maul · first_building Archery Range |
| 11:35 | Darth Maul · wall_segment Palisade Wall x3 |
| 11:36 | Darth Maul · wall_segment Palisade Wall x4 |
| 11:51 | _Tomate · wall_segment Palisade Wall x12 |
| 13:07 | _Tomate · wall_segment Palisade Wall x1 |
| 13:22 | _Tomate · wall_segment Palisade Wall x5 |
| 13:24 | _Tomate · wall_segment Palisade Wall x8 |
| 14:36 | _Tomate · wall_segment Palisade Wall x2 |
| 14:39 | _Tomate · wall_segment Palisade Wall x9 |
| 15:43 | Darth Maul · wall_segment Palisade Wall x1 |
| 17:21 | _Tomate · wall_segment Stone Wall x3 |
| 18:13 | _Tomate · wall_segment Palisade Wall x1 |
| 18:15 | _Tomate · wall_segment Palisade Wall x1 |
| 19:44 | Darth Maul · wall_segment Palisade Wall x1 |
| 19:46 | Darth Maul · wall_segment Palisade Wall x1 |
| 19:48 | Darth Maul · wall_segment Palisade Wall x1 |
| 19:50 | Darth Maul · wall_segment Palisade Wall x1 |
| 20:28 | Darth Maul · first_market_buy 500 food |
| 20:29 | Darth Maul · first_market_sell 100 wood |
| 21:12 | Darth Maul · first_building Stable |
| 23:13 | Darth Maul · age_up castle |
| 23:30 | Darth Maul · first_building Siege Workshop |
| 23:42 | _Tomate · age_up castle |
| 23:46 | _Tomate · first_building Monastery |
| 24:40 | _Tomate · wall_segment Palisade Wall x1 |
| 25:23 | _Tomate · first_building Stable |
| 25:34 | Darth Maul · first_building Monastery |
| 32:18 | Darth Maul · wall_segment Palisade Wall x1 |
| 33:15 | _Tomate · first_building Castle |
| 34:16 | Darth Maul · resign |
[ AI ANALYSIS · 1 CREDIT ]
What really happened in this match?
Wolo.gg analyzes every decision: build order, eco, micro, common mistakes by bracket. Personalized analysis on WhatsApp or Discord in 30 seconds.
Civ guide
Romans
Perfil
Jugador #77944